 Dungeon Crawl Stone Soup version 0.27.1-34-g3ba077fa99 (webtiles) character file.

Game seed: 8686020094750506257

18 Descartes the Grasshopper (level 2, -1/13 HPs)
             Began as a Felid Warper on Jan 18, 2022.
             Slain by a hobgoblin (4 damage)
             ... on level 1 of the Dungeon.
             The game lasted 00:01:39 (1039 turns).

Descartes the Grasshopper (Felid Warper)            Turns: 1039, Time: 00:01:40

Health: -1/13      AC:  1    Str:  7    XL:     2   Next: 48%
Magic:  6/6        EV: 18    Int: 14    God:
Gold:   30         SH:  0    Dex: 15    Spells: 5/5 levels left
                                        Lives:  0   Deaths: 0

rFire    . . .     SeeInvis +     - Unarmed
rCold    . . .     Faith    .   (shield unavailable)
rNeg     . . .     Spirit   .   (armour unavailable)
rPois    .         Reflect  .   (helmet unavailable)
rElec    .         Harm     .   (cloak unavailable)
rCorr    .         Rampage  .   (gloves unavailable)
Will     .....                  (boots unavailable)
Stlth    ++........             (no amulet)
HPRegen  0.04/turn              (no ring)
MPRegen  0.10/turn              (no ring)

@: quick
A: very small, claws 1, fangs 3, see invisible, speed 1, shaggy fur 1, stealthy
paws, no weapons or thrown items, no armour, multi-lived
a: no special abilities


You were on level 1 of the Dungeon.
You visited 1 branch of the dungeon, and saw 1 of its levels.

You collected 30 gold pieces.

Inventory:

Scrolls
 a - a scroll of blinking
 c - a scroll of torment {unknown}
 d - a scroll of identify {unknown}
Potions
 b - a potion of might {unknown}


   Skills:
 - Level 2.0 Fighting
 + Level 3.5 Dodging
 + Level 1.3 Stealth
 + Level 2.3 Unarmed Combat
 - Level 2.0 Spellcasting
 + Level 4.7 Translocations


You had 5 spell levels left.
You didn't know any spells.
Your spell library contained the following spells:

 Spells                   Type           Power      Damage    Failure   Level
 Blink                    Tloc           N/A        N/A       4%          2
 Gell's Gravitas          Tloc           7%         N/A       10%         3
 Lesser Beckoning         Tloc           7%         N/A       10%         3
 Teleport Other           Tloc           14%        N/A       10%         3
 Manifold Assault         Tloc           14%        N/A       67%         5


Dungeon Overview and Level Annotations

Branches:
Dungeon (1/15)

Altars:


Innate Abilities, Weirdness & Mutations

You have sharp claws.
You have razor-sharp teeth.
You have supernaturally acute eyesight. (SInv)
You cover ground quickly. (Speed+)
You are covered in fur. (AC +1)
Your paws help you pounce on unaware monsters.
You are incapable of wielding weapons or throwing items.
You cannot wear armour.
You gain extra lives every three experience levels.


Message History

You see here a rat corpse.
Found 63 gold pieces.
A kobold comes into view. It is wielding a +0 dagger.
The kobold shouts!
A hobgoblin comes into view.
A ball python comes into view.
The kobold completely misses you.
The hobgoblin shouts!
You scratch the kobold.
The kobold is severely wounded.
The kobold hits you with a +0 dagger.
You closely miss the kobold.
The kobold is severely wounded.
The kobold closely misses you.
You scratch the kobold.
You kill the kobold!
The hobgoblin misses you.
The ball python misses you. x2; The hobgoblin barely misses you.
Things that are here:
a +0 dagger; a kobold corpse The ball python bites you.
The ball python misses you.
An endoplasm comes into view.
Found a ring mail.
You closely miss the ball python. Your bite misses the ball python.
The ball python bites you. The ball python misses you.
You closely miss the ball python. The ball python misses you.
The ball python grabs you. The ball python constricts you.
You completely miss the ball python. You bite the ball python.
The ball python is moderately wounded.
The ball python bites you. The ball python constricts you.
You claw the ball python!
You kill the ball python!
You barely miss the hobgoblin. The hobgoblin misses you.
You scratch the hobgoblin.
The hobgoblin is lightly wounded.
The hobgoblin hits you.
* * * LOW HITPOINT WARNING * * *
You closely miss the hobgoblin.
The hobgoblin is lightly wounded.
The hobgoblin hits you.
You die...

.ยง ..# . ..# # #.# #
#.# # #.# # #.# #
#####.##############...#
..)..J.........g@[.....#
....###########J.......#
....# ...######## ....#
#.###<.###># ....# ...
#...#..# .....# ..#
##....## ####.# .##
#....## J. ##...##
#....##


You could see an endoplasm and a hobgoblin.

Vanquished Creatures
  A dart slug (D:1)
  A bat (D:1)
  2 endoplasms (D:1)
  A giant cockroach (D:1)
  A goblin (D:1)
  2 kobolds (D:1)
  2 quokkas (D:1)
  2 ball pythons (D:1)
  A frilled lizard (D:1)
  2 rats (D:1)
15 creatures vanquished.

Notes
Turn   | Place    | Note
-------+----------+-------------------------------------------
     0 | D:1      | Descartes the Felid Warper began the quest for the Orb.
     0 | D:1      | Reached XP level 1. HP: 9/9 MP: 4/4
   618 | D:1      | Reached skill level 1 in Stealth
   618 | D:1      | Reached XP level 2. HP: 13/13 MP: 6/6
  1039 | D:1      | Slain by a hobgoblin

Illustrated notes

Levels and vault maps discovered:
D:1:      minmay_arrival_jagged, layout_rooms, minivault_14, lemuel_flame_loot_1

Skill      XL: |  1 |
---------------+----+-----
Stealth        | 1 |  1.3
Fighting       | |  2.0
Dodging        | |  3.5
Unarmed Combat | |  2.3
Spellcasting   | |  2.0
Translocations | |  4.7

Action                   || total
-------------------------++-------
Melee: Unarmed           ||    69
       Bite              ||     4
 Stab: Sleeping          ||     1
Armor: Skin              ||     2
Dodge: Dodged            ||    60
